Map: Orbital Shipyard

Players

Fenrir

  • Race: Terran Terran
  • League: Diamond

Florencio - Winner!

  • Race: Protoss Protoss
  • League: Platinum

VOD

Have the link to the VOD?

Description

Skytoss Style

Time

  • Played on: March 6, 2016, 10:14 p.m.
  • Length: 19:57
Show
View Real Time Build Order
Export as new Build Order

Fenrir Terran 

Build Orders: Reaper Expand 

Get SALT Encoding   

  12  0:00  SCV  
  13  0:13  SCV  
  14  0:18  Supply Depot  
  14  0:25  SCV  
  15  0:39  SCV  
  15  0:40  Barracks  
  16  0:46  Refinery  
  16  0:51  SCV  
  17  1:04  SCV  
  18  1:16  SCV  
  19  1:28  Orbital Command  
  19  1:29  Reaper  
  20  1:39  Command Center  
  20  1:47  Refinery  
  20  1:54  SCV  
  20  2:01  Supply Depot  
  21  2:02  Barracks Reactor  
  21  2:06  SCV  
  22  2:18  SCV  
  23  2:25  Factory  
  23  2:30  SCV  
  24  2:42  SCV  
  25  2:44  Marine x2  
  27  2:51  Orbital Command  
  27  2:55  SCV  
  28  3:07  SCV  
  29  3:13  Factory  
  29  3:14  Barracks Tech Lab  
  29  3:15  Widow Mine x2  
  29  3:18  SCV  
  29  3:19  SCV  
  35  3:25  Supply Depot  
  35  3:30  SCV  
  36  3:39  SCV  
  38  3:45  Engineering Bay  
  37  3:48  Starport  
  37  3:50  Widow Mine x2  
  40  3:57  SCV  
  40  3:59  SCV  
  42  4:07  Supply Depot  
  42  4:08  Supply Depot  
  42  4:09  SCV, Liberator, Refinery, Cyclone  
  46  4:19  Missile Turret  
  46  4:20  Hellion x2, Missile Turret  
  53  4:38  SCV x2  
  55  4:40  Supply Depot  
  55  4:42  Hellion  
  57  4:50  SCV  
  57  4:51  Cyclone  
  57  4:52  Hellion  
  63  4:53  Liberator  
  63  4:56  SCV  
  64  5:00  Refinery  
  64  5:09  Hellion  
  69  5:14  Hellion  
  69  5:19  SCV  
  72  5:23  SCV  
  73  5:30  Supply Depot  
  73  5:31  SCV  
  73  5:32  Hellion  
  76  5:42  Siege Tank  
  79  5:43  Supply Depot  
  79  5:45  SCV  
  80  5:54  SCV  
  80  5:56  Hellion x2  
  81  6:06  SCV  
  81  6:10  Barracks Reactor  
  81  6:11  Viking  
  77  6:20  Hellion x2  
  77  6:23  Siege Tank  
  77  6:24  SCV  
  86  6:36  Command Center  
  86  6:37  Supply Depot x2  
  85  6:42  Armory  
  85  6:44  Armory  
  85  6:50  SCV  
  85  6:51  SCV  
  72  7:21  Hellion x2, Viking  
  72  7:22  Viking  
  70  7:25  Siege Tank  
  70  7:28  SCV  
  74  7:35  SCV  
  75  7:43  Hellion x2  
  79  7:44  SCV  
  79  7:45  Terran Vehicle Weapons Level 1  
  79  7:46  Terran Vehicle And Ship Armor Level 1  
  79  7:49  SCV  
  81  7:51  Viking  
  81  7:52  Viking  
  81  7:58  Siege Tank  
  88  7:59  SCV  
  88  8:01  SCV  
  88  8:04  Barracks Tech Lab  
  91  8:06  Factory  
  91  8:07  Orbital Command  
  91  8:11  Hellion x2  
  94  8:20  Refinery  
  94  8:24  Viking x2  
  94  8:26  SCV x2  
  101  8:34  SCV  
  101  8:37  Starport  
  101  8:40  Command Center  
  101  8:41  Liberator, Barracks Reactor  
  101  8:42  Liberator  
  101  8:47  Missile Turret  
  105  8:48  Hellion x2  
  105  8:50  Cyclone  
  108  8:58  Refinery  
  114  9:03  Missile Turret  
  114  9:05  SCV x3  
  117  9:11  Hellion x2  
  117  9:16  Sensor Tower  
  121  9:17  Siege Tank, SCV x2  
  121  9:22  Supply Depot  
  126  9:31  SCV  
  126  9:35  Hellion x2  
  131  9:43  SCV x2, Terran Vehicle Weapons Level 2  
  131  9:44  Siege Tank, Terran Vehicle And Ship Armor Level 2  
  136  9:47  Viking  
  136  9:48  Viking  
  136  9:52  Siege Tank  
  143  9:55  Orbital Command  
  143  9:56  SCV x2  
  145  10:13  Hellion x2, Viking  
  145  10:14  Viking  
  153  10:16  SCV x3  
  156  10:33  Viking x2, SCV x2  
  156  10:34  Supply Depot  
  156  10:35  Supply Depot x2  
  162  10:37  Mag-Field Accelerator  
  162  10:38  Infernal Pre-Igniter  
  162  10:49  Orbital Command  
  162  10:55  Viking x2  
  162  10:56  Siege Tank x2  
  162  10:57  Hellion x2  
  176  11:01  Supply Depot  
  176  11:02  Supply Depot  
  176  11:09  Sensor Tower  
  176  11:11  Liberator x3  
  176  11:16  Command Center, Missile Turret  
  176  11:28  Hellion x2  
  187  11:49  Viking  
  187  11:52  Hellion x2, Siege Tank x2  
  199  11:56  Starport  
  182  12:33  Viking x4  
  179  12:45  Siege Tank x2  
  179  12:46  Hellion x2  
  189  12:51  Terran Vehicle Weapons Level 3  
  189  12:54  Terran Ship Weapons Level 1  
  187  13:02  Viking  
  183  13:06  Widow Mine  
  183  13:07  Hellion, Viking x3  
  185  13:16  Widow Mine  
  185  13:17  Hellion  
  185  13:18  Starport Reactor  
  174  13:20  SCV x2  
  174  13:22  Refinery  
  174  13:23  Refinery  
  152  13:32  Viking  
  145  13:35  Hellion  
  145  13:37  Viking  
  145  13:38  Siege Tank  
  146  13:41  Viking x2, Refinery  
  146  13:42  Refinery  
  150  13:57  Hellion x3  
  150  13:59  Liberator  
  156  14:05  Factory  
  156  14:07  Factory  
  156  14:11  Hellion  
  156  14:13  Viking x2  
  156  14:14  Viking  
  167  14:17  Liberator  
  148  14:39  Widow Mine x2, Cyclone x2  
  148  14:45  SCV x2  
  136  14:48  Orbital Command  
  117  15:04  Viking x2  
  119  15:31  Hellion x2  
  122  15:47  Hellion x9  
  122  15:48  Hellion  
  121  15:51  Command Center  
  95  16:13  Widow Mine x4  
  90  16:38  Liberator x2  
  90  16:41  Widow Mine  
  86  16:54  Command Center  
  86  16:59  SCV  
  86  17:00  SCV  
  94  17:01  Hellion, Siege Tank  
  74  18:23  Widow Mine  
  74  18:26  Widow Mine  
Show
View Real Time Build Order
Export as new Build Order

Florencio Protoss - Winner!

Build Orders: 1 Gate Expand, Oracle Opening 

Get SALT Encoding   

  12  0:02  Probe (Chrono Boost)  
  13  0:13  Probe (Chrono Boost)  
  14  0:22  Pylon  
  14  0:23  Probe (Chrono Boost)  
  15  0:40  Probe (Chrono Boost)  
  15  0:42  Gateway  
  16  0:47  Assimilator  
  16  0:51  Probe (Chrono Boost)  
  16  0:53  Assimilator  
  17  1:01  Probe (Chrono Boost)  
  18  1:12  Probe (Chrono Boost)  
  19  1:22  Probe (Chrono Boost)  
  20  1:32  Nexus  
  20  1:44  Cybernetics Core  
  20  1:48  Probe (Chrono Boost)  
  21  1:58  Pylon  
  21  2:00  Probe (Chrono Boost)  
  22  2:10  Probe (Chrono Boost)  
  23  2:20  Stalker  
  23  2:22  Mothership Core (Chrono Boost)  
  27  2:50  Stalker  
  29  2:54  Probe (Chrono Boost)  
  29  2:56  Probe (Chrono Boost)  
  31  3:05  Probe (Chrono Boost)  
  32  3:07  Probe (Chrono Boost)  
  32  3:08  Stargate  
  33  3:17  Pylon  
  33  3:20  Stalker  
  35  3:48  Probe x2 (Chrono Boost)  
  37  3:51  Oracle  
  36  3:58  Probe (Chrono Boost)  
  36  3:59  Probe (Chrono Boost)  
  36  4:00  Forge  
  38  4:03  Pylon  
  38  4:09  Probe x2 (Chrono Boost)  
  40  4:13  Pylon  
  40  4:19  Probe (Chrono Boost)  
  40  4:20  Probe (Chrono Boost)  
  42  4:24  Stalker  
  42  4:30  Probe x2 (Chrono Boost)  
  46  4:32  Assimilator  
  46  4:35  Photon Cannon  
  46  4:38  Photon Cannon  
  46  4:39  Photon Cannon  
  46  4:44  Photon Cannon  
  46  4:52  Probe x2 (Chrono Boost)  
  48  4:54  Stalker  
  47  5:12  Void Ray (Chrono Boost)  
  51  5:16  Stargate  
  51  5:24  Assimilator  
  51  5:26  Probe x2 (Chrono Boost)  
  53  5:29  Nexus  
  53  5:33  Pylon  
  53  5:44  Probe x2  
  55  5:54  Probe  
  55  5:56  Probe  
  50  6:10  Probe  
  50  6:20  Void Ray (Chrono Boost)  
  58  6:26  Void Ray (Chrono Boost)  
  58  6:34  Photon Cannon  
  58  6:36  Photon Cannon  
  58  6:37  Photon Cannon, Probe  
  58  6:38  Pylon, Probe  
  58  6:39  Pylon  
  60  6:49  Probe  
  60  6:50  Probe  
  60  6:52  Probe  
  63  7:00  Probe  
  63  7:02  Probe x2  
  63  7:03  Photon Cannon  
  64  7:26  Photon Cannon  
  64  7:28  Photon Cannon, Probe x2  
  65  7:30  Assimilator, Probe  
  67  7:37  Assimilator  
  67  7:39  Probe x2  
  67  7:40  Fleet Beacon  
  67  7:42  Pylon, Probe  
  74  7:49  Probe x2  
  76  7:54  Pylon  
  80  8:00  Stargate  
  80  8:01  Probe, Stargate  
  73  8:12  Probe  
  73  8:16  Probe  
  73  8:17  Probe  
  76  8:22  Probe  
  89  8:28  Carrier (Chrono Boost)  
  89  8:29  Pylon  
  89  8:30  Pylon  
  89  8:31  Carrier (Chrono Boost)  
  89  8:34  Pylon  
  89  8:39  Pylon, Probe x2  
  89  8:40  Probe  
  92  8:49  Carrier (Chrono Boost)  
  92  8:50  Carrier (Chrono Boost)  
  92  8:52  Probe  
  105  9:01  Pylon  
  105  9:05  Pylon  
  105  9:09  Graviton Catapult  
  104  9:14  Nexus  
  104  9:15  Probe  
  105  9:28  Probe  
  106  9:36  Assimilator  
  106  9:40  Probe  
  106  9:41  Assimilator  
  106  9:44  Carrier (Chrono Boost)  
  106  9:45  Pylon  
  119  9:54  Photon Cannon  
  119  9:58  Carrier (Chrono Boost)  
  119  10:17  Pylon  
  119  10:18  Carrier x2 (Chrono Boost)  
  131  10:25  Pylon  
  131  10:35  Pylon  
  131  10:37  Photon Cannon  
  131  10:39  Probe  
  132  10:50  Probe  
  133  10:58  Probe, Carrier (Chrono Boost)  
  133  11:01  Probe  
  141  11:10  Probe  
  142  11:11  Probe  
  142  11:17  Photon Cannon  
  143  11:22  Probe x2  
  157  11:32  Carrier (Chrono Boost)  
  157  11:34  Probe  
  157  11:38  Carrier (Chrono Boost)  
  158  11:50  Carrier (Chrono Boost)  
  158  11:53  Probe  
  165  12:04  Probe  
  165  12:05  Pylon, Nexus, Stargate  
  165  12:08  Stargate  
  166  12:13  Carrier (Chrono Boost)  
  126  13:46  Probe  
  127  13:56  Gateway, Probe  
  127  13:57  Pylon  
  127  14:01  Carrier x2 (Chrono Boost)  
  127  14:02  Carrier (Chrono Boost)  
  158  14:05  Pylon  
  158  14:07  Probe, Assimilator  
  159  14:12  Carrier (Chrono Boost)  
  159  14:13  Carrier (Chrono Boost)  
  165  14:18  Probe  
  166  14:27  Carrier (Chrono Boost)  
  166  14:28  Probe  
  167  14:57  Probe  
  168  15:02  Assimilator  
  168  15:06  Assimilator  
  168  15:07  Cybernetics Core, Probe  
  169  15:16  Carrier (Chrono Boost)  
  175  15:44  Pylon  
  175  15:45  Pylon  
  175  15:47  Pylon  
  174  16:27  Pylon x2  
  174  16:28  Pylon  
  174  16:30  Pylon  
  174  16:31  Pylon  
  174  16:33  Forge  
  180  16:57  Carrier (Chrono Boost)  
  180  17:10  Void Ray x2 (Chrono Boost)  
  200  17:16  Void Ray x3 (Chrono Boost)  
  193  17:53  Void Ray (Chrono Boost)  
  193  17:57  Nexus  
  197  18:07  Probe  
  197  18:11  Pylon  
  198  18:15  Pylon  
  198  18:19  Probe  
Tags
 
Add a new tag
Caveats
  • Supply blocks, unpowered buildings, or Contaminate may cause inaccurate times.
  • Supply counts are checked every 10 seconds.